General information
- name: BNet
- type: Ladder team game (AT/RT)
- host: Battle.net
- saver: RfugeeWorkEthic
map: Deathknell
- players: 8
- length: 15:55
- speed: Fast
- version: 1.28 W3XP
- replay type: Public
» download(187 KB)
Players
team 1 (loser)
Fantasystorm (
orange | 111 APM | 1659 actions | 14:55)
9 Dreadlord
3 Vampiric Aura
3 Carrion Swarm
3 Inferno
» actions
| Assign group hotkey | 38 | |
| Basic commands | 10 | |
| Build / train | 109 | |
| Enter build submenu | 18 | |
| Enter hero's abilities submenu | 7 | |
| Right click | 398 | |
| Select / deselect | 227 | |
| Select group hotkey | 761 | |
| Use ability | 91 | |
1659 total
» units
| Acolyte | 7 | |
| Ghoul | 36 | |
| Necromancer | 14 | |
| Obsidian Statue | 4 | |
61 total
» upgrades
| Unholy Strength | 2 | |
| Unholy Armor | 1 | |
| Necromancer Training | 2 | |
| Ghoul Frenzy | 1 | |
| Skeletal Longevity | 1 | |
| Skeletal Mastery | 1 | |
| Destroyer Form | 1 | |
9 total
» buildings
| Crypt | 1 | |
| Ziggurat | 7 | |
| Altar of Darkness | 1 | |
| Tomb of Relics | 2 | |
| Halls of the Dead | 1 | |
| Graveyard | 2 | |
| Black Citadel | 1 | |
| Temple of the Damned | 2 | |
| Slaughterhouse | 1 | |
18 total
» build order
00:08 Crypt
00:10 Ziggurat
01:00 Altar of Darkness
01:03 Ziggurat
01:24 Tomb of Relics
01:57 Tomb of Relics
02:31 Ziggurat
05:16 Halls of the Dead
05:20 Graveyard
05:23 Ziggurat
05:25 Graveyard
06:38 Ziggurat
06:39 Ziggurat
07:14 Ziggurat
07:57 Black Citadel
08:35 Temple of the Damned
08:37 Temple of the Damned
09:25 Slaughterhouse
» items
| Rod of Necromancy | 7 | |
| Orb of Corruption | 1 | |
| Scroll of Healing | 3 | |
11 total
DonaW (
purple | 162 APM | 2425 actions | 14:56)
5 Archmage
3 Summon Water Elemental
2 Brilliance Aura
1 Mountain King
1 Storm Bolt
1 Paladin
1 Holy Light
» actions
| Assign group hotkey | 82 | |
| Basic commands | 166 | |
| Build / train | 131 | |
| ESC pressed | 3 | |
| Enter build submenu | 27 | |
| Enter hero's abilities submenu | 8 | |
| Right click | 818 | |
| Select / deselect | 421 | |
| Select group hotkey | 601 | |
| Use ability | 168 | |
2425 total
» units
| Peasant | 16 | |
| Footman | 11 | |
| Goblin Shredder | 2 | |
| Ice Troll Berserker | 1 | |
| Ice Troll Trapper | 2 | |
| Gnoll Overseer | 2 | |
| Mud Golem | 3 | |
| Mortar Team | 3 | |
| Knight | 3 | |
43 total
» upgrades
| Defend | 1 | |
| Swords | 1 | |
| Gunpowder | 1 | |
| Lumber Harvesting | 1 | |
| Fragmentation Shards | 1 | |
5 total
» buildings
| Farm | 13 | |
| Altar of Kings | 1 | |
| Barracks | 1 | |
| Scout Tower | 4 | |
| Arcane Tower | 2 | |
| Town Hall | 1 | |
| Arcane Vault | 2 | |
| Lumber Mill | 1 | |
| Keep | 3 | |
| Blacksmith | 1 | |
| Castle | 2 | |
| Workshop | 2 | |
| Guard Tower | 1 | |
34 total
» build order
00:03 Farm
00:07 Altar of Kings
00:18 Barracks
00:48 Farm
01:35 Farm
02:29 Scout Tower
03:02 Arcane Tower
03:21 Farm
03:45 Town Hall
03:50 Scout Tower
03:56 Arcane Vault
04:21 Arcane Tower
04:57 Lumber Mill
05:34 Farm
06:03 Scout Tower
06:06 Scout Tower
06:26 Keep
06:26 Keep
06:26 Keep
07:10 Farm
07:12 Blacksmith
07:41 Farm
09:13 Castle
09:13 Castle
10:07 Workshop
10:08 Workshop
10:14 Guard Tower
10:52 Farm
10:52 Farm
11:23 Arcane Vault
11:52 Farm
11:53 Farm
12:14 Farm
12:15 Farm
» items
| Scroll of Regeneration | 7 | |
| Lesser Clarity Potion | 3 | |
| Scroll of Town Portal | 2 | |
| Staff of Sanctuary | 2 | |
| Potion of Healing | 2 | |
| Orb of Fire | 1 | |
17 total
Builder30 (
yellow | 64 APM | 1013 actions | 15:50)
4 Archmage
2 Summon Water Elemental
2 Brilliance Aura
1 Mountain King
1 Storm Bolt
1 Paladin
1 Holy Light
» actions
| Assign group hotkey | 38 | |
| Basic commands | 21 | |
| Build / train | 104 | |
| ESC pressed | 11 | |
| Enter build submenu | 23 | |
| Enter hero's abilities submenu | 6 | |
| Give item / drop item | 3 | |
| Right click | 346 | |
| Select / deselect | 269 | |
| Select group hotkey | 105 | |
| Use ability | 87 | |
1013 total
» units
| Peasant | 34 | |
| Footman | 15 | |
| Mortar Team | 6 | |
55 total
» upgrades
| Defend | 1 | |
| Masonry | 2 | |
| Lumber Harvesting | 3 | |
| Fragmentation Shards | 1 | |
| Gunpowder | 2 | |
9 total
» buildings
| Altar of Kings | 1 | |
| Barracks | 1 | |
| Farm | 7 | |
| Town Hall | 1 | |
| Arcane Vault | 2 | |
| Scout Tower | 4 | |
| Arcane Tower | 1 | |
| Lumber Mill | 1 | |
| Keep | 3 | |
| Blacksmith | 1 | |
| Castle | 3 | |
| Gryphon Aviary | 1 | |
| Workshop | 4 | |
| Guard Tower | 6 | |
36 total
» build order
00:07 Altar of Kings
00:12 Barracks
00:20 Farm
00:57 Farm
01:47 Farm
03:19 Town Hall
03:37 Arcane Vault
03:43 Scout Tower
04:10 Arcane Tower
04:20 Lumber Mill
05:14 Keep
05:14 Keep
05:14 Keep
05:17 Farm
06:30 Arcane Vault
06:38 Blacksmith
07:53 Castle
07:53 Castle
07:53 Castle
07:55 Gryphon Aviary
07:59 Workshop
08:36 Workshop
08:37 Workshop
08:53 Workshop
09:16 Scout Tower
09:17 Scout Tower
09:18 Scout Tower
09:58 Guard Tower
09:59 Guard Tower
09:59 Guard Tower
10:33 Guard Tower
10:33 Guard Tower
10:34 Guard Tower
11:07 Farm
11:07 Farm
11:33 Farm
» items
| Scroll of Regeneration | 6 | |
| Lesser Clarity Potion | 1 | |
| Staff of Sanctuary | 1 | |
| Orb of Fire | 1 | |
| Potion of Healing | 1 | |
10 total
RfugeeWorkEthic (
teal | 18 APM | 284 actions | 15:55)
» actions
| Basic commands | 43 | |
| Build / train | 28 | |
| Remove unit from queue | 6 | |
| Right click | 132 | |
| Select / deselect | 71 | |
| Use ability | 4 | |
284 total
» units
team 2 (winner)

»
Highdegger (
pink | 65 APM | 1034 actions | 15:55)
5 Dark Ranger
3 Black Arrow
2 Silence
4 Naga Sea Witch
2 Frost Arrows
2 Forked Lightning
» actions
| Assign group hotkey | 31 | |
| Basic commands | 101 | |
| Build / train | 59 | |
| Enter build submenu | 14 | |
| Enter hero's abilities submenu | 9 | |
| Give item / drop item | 2 | |
| Right click | 337 | |
| Select / deselect | 212 | |
| Select group hotkey | 241 | |
| Use ability | 28 | |
1034 total
» units
| Wisp | 11 | |
| Archer | 17 | |
| Goblin Shredder | 2 | |
| Hippogryph | 5 | |
35 total
» upgrades
| Improved Bows | 1 | |
| Strength of the Moon | 3 | |
| Marksmanship | 1 | |
| Hippogryph Taming | 1 | |
| Moon Armor | 1 | |
7 total
» buildings
| Moon Well | 6 | |
| Ancient of War | 2 | |
| Altar of Elders | 1 | |
| Tree of Ages | 2 | |
| Hunter's Hall | 1 | |
| Tree of Life | 1 | |
| Tree of Eternity | 1 | |
| Ancient of Wind | 2 | |
16 total
» build order
00:05 Moon Well
00:32 Ancient of War
00:46 Altar of Elders
01:13 Moon Well
02:35 Moon Well
03:40 Tree of Ages
03:41 Tree of Ages
04:25 Hunter's Hall
04:55 Tree of Life
05:29 Moon Well
08:17 Tree of Eternity
08:38 Ancient of War
08:41 Ancient of Wind
08:44 Ancient of Wind
11:46 Moon Well
11:46 Moon Well
» items
| Scroll of Town Portal | 2 | |
| Potion of Healing | 1 | |
3 total

»
Occident (
blue | 67 APM | 1074 actions | 15:55)
4 Dreadlord
2 Sleep
2 Vampiric Aura
2 Death Knight
1 Death Coil
1 Unholy Aura
» actions
| Assign group hotkey | 37 | |
| Basic commands | 27 | |
| Build / train | 66 | |
| Enter build submenu | 17 | |
| Enter hero's abilities submenu | 6 | |
| Remove unit from queue | 1 | |
| Right click | 325 | |
| Select / deselect | 233 | |
| Select group hotkey | 307 | |
| Use ability | 55 | |
1074 total
» units
| Acolyte | 16 | |
| Ghoul | 5 | |
| Crypt Fiend | 12 | |
| Goblin Shredder | 1 | |
34 total
» upgrades
| Creature Attack | 3 | |
| Unholy Strength | 1 | |
| Creature Carapace | 2 | |
| Web | 1 | |
7 total
» buildings
| Crypt | 1 | |
| Ziggurat | 7 | |
| Altar of Darkness | 1 | |
| Graveyard | 1 | |
| Tomb of Relics | 2 | |
| Nerubian Tower | 2 | |
| Halls of the Dead | 1 | |
| Necropolis | 1 | |
| Spirit Tower | 4 | |
| Sacrificial Pit | 1 | |
| Black Citadel | 1 | |
| Boneyard | 2 | |
24 total
» build order
00:13 Crypt
00:18 Ziggurat
00:37 Altar of Darkness
01:01 Graveyard
01:26 Ziggurat
02:11 Tomb of Relics
02:31 Nerubian Tower
03:54 Halls of the Dead
04:01 Ziggurat
05:50 Necropolis
06:07 Ziggurat
06:10 Ziggurat
07:11 Nerubian Tower
07:40 Spirit Tower
08:44 Ziggurat
09:41 Spirit Tower
10:13 Ziggurat
10:49 Sacrificial Pit
10:59 Tomb of Relics
11:27 Spirit Tower
11:39 Black Citadel
14:46 Boneyard
14:52 Boneyard
14:55 Spirit Tower
» items
| Sacrificial Skull | 2 | |
| Potion of Healing | 2 | |
| Potion of Mana | 2 | |
| Rod of Necromancy | 1 | |
| Scroll of Healing | 1 | |
8 total
balls_deep (
red | 131 APM | 2087 actions | 15:55)
5 Archmage
3 Summon Water Elemental
2 Brilliance Aura
2 Mountain King
1 Storm Bolt
1 Bash
» actions
| Assign group hotkey | 69 | |
| Basic commands | 111 | |
| Build / train | 81 | |
| Enter build submenu | 30 | |
| Enter hero's abilities submenu | 7 | |
| Give item / drop item | 3 | |
| Remove unit from queue | 2 | |
| Right click | 750 | |
| Select / deselect | 329 | |
| Select group hotkey | 587 | |
| Use ability | 118 | |
2087 total
» units
| Peasant | 15 | |
| Footman | 17 | |
| Goblin Shredder | 1 | |
| Priest | 7 | |
| Ice Troll Trapper | 1 | |
| Ice Troll Berserker | 1 | |
| Spell Breaker | 2 | |
| Knight | 4 | |
| Gryphon Rider | 2 | |
50 total
» upgrades
| Defend | 1 | |
| Priest Training | 2 | |
| Swords | 1 | |
| Animal War Training | 1 | |
| Storm Hammers | 1 | |
6 total
» buildings
| Altar of Kings | 1 | |
| Farm | 12 | |
| Barracks | 2 | |
| Town Hall | 1 | |
| Arcane Vault | 1 | |
| Scout Tower | 4 | |
| Lumber Mill | 1 | |
| Arcane Tower | 2 | |
| Keep | 1 | |
| Guard Tower | 2 | |
| Arcane Sanctum | 2 | |
| Castle | 1 | |
| Blacksmith | 1 | |
| Gryphon Aviary | 2 | |
33 total
» build order
00:06 Altar of Kings
00:09 Farm
00:14 Barracks
00:56 Farm
01:33 Farm
03:47 Town Hall
04:02 Farm
04:07 Arcane Vault
04:09 Scout Tower
04:47 Lumber Mill
04:58 Scout Tower
05:04 Arcane Tower
05:07 Scout Tower
05:18 Farm
05:25 Scout Tower
05:26 Arcane Tower
05:51 Keep
05:53 Guard Tower
05:55 Guard Tower
06:20 Farm
07:49 Farm
08:21 Arcane Sanctum
08:24 Arcane Sanctum
10:07 Castle
10:15 Barracks
10:18 Blacksmith
10:19 Farm
11:34 Gryphon Aviary
11:36 Gryphon Aviary
11:40 Farm
11:44 Farm
11:46 Farm
12:18 Farm
» items
| Scroll of Regeneration | 3 | |
| Lesser Clarity Potion | 3 | |
| Potion of Healing | 2 | |
8 total

»
lake101 (
green | 53 APM | 847 actions | 15:55)
5 Lich
3 Frost Nova
2 Frost Armor
3 Death Knight
1 Death Coil
2 Unholy Aura
2 Dreadlord
1 Sleep
1 Vampiric Aura
» actions
| Assign group hotkey | 7 | |
| Basic commands | 22 | |
| Build / train | 61 | |
| Enter build submenu | 17 | |
| Enter hero's abilities submenu | 10 | |
| Give item / drop item | 3 | |
| Right click | 333 | |
| Select / deselect | 247 | |
| Select group hotkey | 96 | |
| Use ability | 51 | |
847 total
» units
| Acolyte | 8 | |
| Ghoul | 5 | |
| Crypt Fiend | 6 | |
| Frost Wyrm | 3 | |
22 total
» upgrades
| Creature Attack | 2 | |
| Creature Carapace | 2 | |
| Web | 1 | |
| Burrow | 1 | |
| Freezing Breath | 1 | |
| Backpack | 1 | |
| Unholy Strength | 1 | |
9 total
» buildings
| Crypt | 2 | |
| Ziggurat | 6 | |
| Graveyard | 1 | |
| Altar of Darkness | 1 | |
| Halls of the Dead | 2 | |
| Nerubian Tower | 2 | |
| Black Citadel | 1 | |
| Tomb of Relics | 1 | |
| Sacrificial Pit | 1 | |
| Boneyard | 2 | |
19 total
» build order
00:13 Crypt
00:14 Ziggurat
00:30 Graveyard
00:59 Altar of Darkness
01:30 Crypt
02:31 Halls of the Dead
02:31 Halls of the Dead
02:41 Ziggurat
02:52 Nerubian Tower
05:30 Black Citadel
06:32 Ziggurat
06:36 Tomb of Relics
07:03 Nerubian Tower
08:04 Sacrificial Pit
08:54 Boneyard
10:21 Boneyard
10:24 Ziggurat
10:28 Ziggurat
10:30 Ziggurat
» items
| Scroll of Healing | 3 | |
| Potion of Healing | 3 | |
| Orb of Corruption | 2 | |
| Scroll of Town Portal | 2 | |
| Potion of Mana | 1 | |
11 total
Chat log
(04:56 / Allies) Fantasystorm: ??
(05:00 / Allies) Fantasystorm: tt
(05:09 / Allies) Builder30: rush
(05:11 / Allies) Builder30: thne
(05:26 / Allies) Builder30: because we got some autism here
(05:41 / Allies) Builder30: need to deport this guy
(06:54 / Allies) Builder30: like wc3 is where u talk about politics
(07:26 / Allies) Builder30: 2
(07:27 / Allies) Builder30: here
(07:42 / Allies) RfugeeWorkEthic: come bud, we need to kill that tower before it upgrades
(08:33 / All) RfugeeWorkEthic: we getting balls deep in yo ass red
(08:37 / All) RfugeeWorkEthic: BALLS DEEP IN DAT ASS
(08:40 / Allies) Builder30: stfu
(08:44 / Allies) Builder30: and leave
(09:21 / Allies) RfugeeWorkEthic: sleep surround bud
(09:24 / Allies) RfugeeWorkEthic: your hero
(09:28 / Allies) RfugeeWorkEthic: tp out
(09:37 / Allies) RfugeeWorkEthic: sleep surround bud you know how to surround?
(09:41 / Allies) Fantasystorm: i b
(09:49 / Allies) RfugeeWorkEthic: silly noob
(10:09 / Allies) RfugeeWorkEthic: you need private lessons to teach surround?
(10:23 / Allies) RfugeeWorkEthic: watch the master
(10:29 / Allies) Builder30: retard
(10:30 / Allies) Builder30: get a life
(11:07 / Allies) RfugeeWorkEthic: that's how you surround boy
(11:47 / Allies) Fantasystorm: dam
(11:50 / Allies) Fantasystorm: hum tt
(12:07 / All) RfugeeWorkEthic: Oh that's real rich
(12:11 / All) RfugeeWorkEthic: That's really rich!
(13:25 / Allies) RfugeeWorkEthic: damn yellow, you getting your shit pushed in
(13:38 / All) RfugeeWorkEthic: give the man a reacharound at least if you gonna rape his ass no lube
(14:09 / Allies) Builder30: the only fucking who gets raped is you
(14:37 / Allies) RfugeeWorkEthic: that doesn't even make grammatical senes you fucking muppet
(14:38 / Allies) Builder30: can't play the game and has to troll
(14:48 / Allies) Builder30: lol mate want to skype me
(14:57 / Allies) RfugeeWorkEthic: asl?
(14:58 / Allies) Builder30: i'll see you are a fucking clueless twat
(15:00 / Allies) Builder30: asl
(15:07 / Allies) RfugeeWorkEthic: age sex location babe
(15:09 / Allies) Builder30: what the fuck are you on about unistall
(15:10 / Allies) RfugeeWorkEthic: what are you wearing
(15:23 / Allies) Builder30: you such a loser
(15:28 / Allies) Builder30: and can't even speak english
(15:30 / Allies) Builder30: have 2 apm
(15:32 / Allies) RfugeeWorkEthic: why kind of chat are we going to have?
(15:35 / Allies) Builder30: and can't plahy
(15:45 / Allies) RfugeeWorkEthic: backdoor beauty?
(15:46 / Allies) Builder30: i going to look at you're fat ugly ass
(15:48 / Allies) Builder30: and laugh
(15:49 / All) Builder30: XD